 Seeded DCSS version 0.29-a0-1023-g6ae1a4a2c7 (webtiles) character file.

Game seed: 13844330289000015782 (custom seed)

1708 Hubris850 the Carver (level 8, 0/64 HPs)
             Began as a Minotaur Monk on Aug 11, 2022.
             Was a Believer of Makhleb.
             Slain by a gnoll
             ... wielding a +0 battleaxe
              (2 damage)
             ... on level 6 of the Dungeon.
             The game lasted 00:10:17 (6621 turns).

Hubris850 the Carver (Minotaur Monk)                Turns: 6621, Time: 00:10:17

Health: 0/64       AC: 14    Str: 15    XL:     8   Next: 73%
Magic:  10/10      EV:  4    Int:  7    God:    Makhleb [**....]
Gold:   378        SH:  0    Dex: 16    Spells: 7/7 levels left

rFire   + . .      SeeInvis .   v - +3 triple sword (vorpal)
rCold   . . .      Faith    .   (shield currently unavailable)
rNeg    . . .      Spirit   .   p - +2 chain mail {rF+}
rPois   .          Reflect  .   (helmet restricted)
rElec   .          Harm     .   (no cloak)
rCorr   +          Rampage  .   z - +1 pair of gloves
Will    .....                   A - +0 pair of boots
Stlth   ..........              (no amulet)
HPRegen 0.20/turn               u - ring of resist corrosion
MPRegen 0.12/turn               (no ring)

@: held
A: horns 2, retaliatory headbutt
a: Renounce Religion, Minor Destruction


You were on level 6 of the Dungeon.
You worshipped Makhleb.
Makhleb was pleased with you.
You visited 2 branches of the dungeon, and saw 7 of its levels.

You collected 378 gold pieces.

Inventory:

Hand Weapons
 a - a +0 falchion
 d - a +1 dagger of freezing
 f - a +2 dagger of venom
 v - a +3 vorpal triple sword (weapon)
Missiles
 k - 12 poisoned darts (quivered)
Armour
 b - a +0 robe
 n - a +0 buckler
 p - a +2 chain mail of fire resistance (worn)
 z - a +1 pair of gloves (worn)
 A - a +0 pair of boots (worn)
Jewellery
 j - an amulet of regeneration
 t - an amulet of reflection
 u - a ring of resist corrosion (left hand)
 w - a ring of poison resistance
Wands
 i - a wand of flame (49)
 y - a wand of paralysis (10)
Scrolls
 g - 3 scrolls of teleportation
 h - 4 scrolls of identify
 x - a scroll of butterflies
Potions
 c - a potion of ambrosia
 e - 2 potions of mutation
 l - a potion of flight
 m - a potion of attraction
 o - a potion of haste {unknown}
 q - 2 potions of lignification {unknown}
 r - 2 potions of brilliance
 s - 2 potions of curing {unknown}


   Skills:
 - Level 3.6 Fighting
 + Level 12.1 Long Blades
 - Level 4.0 Armour
 - Level 3.2 Dodging
 - Level 1.5 Stealth
 - Level 4.0 Invocations


You had 7 spell levels left.
You didn't know any spells.
Your spell library contained the following spells:

 Spells                   Type           Power      Damage    Failure   Level
 Poisonous Vapours        Pois/Air       0%         N/A       100%        2
 Scorch                   Fire           0%         2d5       100%        2
 Summon Guardian Golem    Hex/Summ       0%         N/A       100%        3
 Corpse Rot               Necr/Pois/Air  0%         N/A       100%        4
 Flame Wave               Conj/Fire      0%         2d4       100%        4
 Summon Cactus Giant      Summ           0%         N/A       100%        6
 Orb of Destruction       Conj           0%         9d5       100%        7
 Spellforged Servitor     Conj/Summ      0%         N/A       100%        7


Dungeon Overview and Level Annotations

Branches:
Dungeon (6/15)             Temple (1/1) D:4

Altars:
Elyvilon
Fedhas
Gozag
Kikubaaqudgha
Makhleb
Nemelex Xobeh
Okawaru
Qazlal
Ru
Sif Muna
Vehumet
Yredelemnul
Zin

Annotations:
D:5 exclusion: door


Innate Abilities, Weirdness & Mutations

You have a pair of horns on your head.
You reflexively headbutt those who attack you in melee.


Message History

The gnoll hits you but does no damage.
The gnoll throws a throwing net.
The throwing net hits you.
You become entangled in the net!
The hound barely misses you.
You struggle against the net.
The gnoll completely misses you.
The gnoll sergeant hits you from afar with a +1 vampiric spear.
The gnoll hits you with a +0 battleaxe!
The hound stops to sniff the ground.
The hound barely misses you. You furiously retaliate!
You headbutt the hound.
You struggle against the net.
The hound bites you but does no damage. The gnoll hits you but does no damage.
The gnoll hits you with a +0 battleaxe.
The gnoll sergeant hits you from afar with a +1 vampiric spear!
The hound bites you.
You struggle against the net.
The gnoll hits you from afar with a +0 spear.
The gnoll hits you with a +0 battleaxe!
* * * LOW HITPOINT WARNING * * *
The gnoll sergeant hits you from afar with a +1 vampiric spear.
* * * LOW HITPOINT WARNING * * *
The hound bites you.
* * * LOW HITPOINT WARNING * * *
You rip the net and break free!
The hound bites you but does no damage.
The gnoll sergeant hits you but does no damage.
The gnoll barely misses you. You furiously retaliate!
You headbutt the gnoll.
The gnoll hits you from afar with a +0 spear.
* * * LOW HITPOINT WARNING * * *
The hound barely misses you. You furiously retaliate!
You headbutt the hound!
You kill the hound!
Makhleb accepts your kill.
You completely miss the gnoll.
The gnoll is moderately wounded.
The gnoll throws a throwing net.
The throwing net hits you.
You become entangled in the net!
The gnoll sergeant hits you from afar with a +1 vampiric spear.
* * * LOW HITPOINT WARNING * * *
The gnoll hits you but does no damage.
You struggle against the net.
The gnoll hits you but does no damage.
The gnoll sergeant hits you from afar with a +1 vampiric spear.
* * * LOW HITPOINT WARNING * * *
The gnoll hits you with a +0 battleaxe.
You die...

#########################
..)'....)..)....g)g......
.))'))..)).).(..@)gh...$.
..)#'########''####g.$...
$..#..(#......$...# .....
.$.#...#..........# ....
####.>.#..........# g..
♣♣P#...#..$.$$....# h.
PPP#'''############ .
PPP♣....♣♣♣ P..♣ #
P♣P.....PP♣PP..P ##


You could see a gnoll sergeant, a hound and 3 gnolls.

Vanquished Creatures
  Sigmund (D:3)
  An ice beast (D:5)
  A sky beast (D:6)
  An ogre (D:6)
  3 phantoms
  A kobold brigand (D:6)
  3 scorpions
  4 hounds
  A quasit (D:4)
  2 jellies (D:5)
  6 orc priests
  3 iguanas
  Ijyb (D:3)
  3 orc wizards
  Robin (D:2)
  7 gnolls
  6 adders
  A shadow imp (D:4)
  2 white imps (D:4)
  2 ufetubi (D:4)
  A dart slug (D:1)
  11 orcs
  4 endoplasms
  2 giant cockroaches
  21 goblins
  15 hobgoblins
  2 jackals (D:1)
  11 kobolds
  3 quokkas
  6 ball pythons
  3 bats
  3 frilled lizards
  6 rats
138 creatures vanquished.

Vanquished Creatures (others)
  3 demonic plants (D:4)
3 creatures vanquished.

Grand Total: 141 creatures vanquished

Notes
Turn   | Place    | Note
-------+----------+-------------------------------------------
     0 | D:1      | Hubris850 the Minotaur Monk began the quest for the Orb.
     0 | D:1      | Reached XP level 1. HP: 19/19 MP: 0/0
   225 | D:1      | Reached skill level 4 in Long Blades
   508 | D:1      | Reached XP level 2. HP: 22/26 MP: 1/1
   628 | D:1      | Found a faded altar of an unknown god.
  1093 | D:2      | Reached skill level 1 in Armour
  1199 | D:2      | Reached XP level 3. HP: 29/31 MP: 2/2
  1356 | D:2      | Identified the +0 helmet of Dishonour {rC+}
  1356 | D:2      | Noticed Robin
  1365 | D:2      | Reached skill level 5 in Long Blades
  1384 | D:2      | Killed Robin
  1645 | D:2      | Reached XP level 4. HP: 39/39 MP: 3/3
  2672 | D:3      | Noticed Ijyb
  2679 | D:3      | Killed Ijyb
  2680 | D:3      | Reached XP level 5. HP: 39/45 MP: 4/4
  2722 | D:3      | You fall into a shaft and drop 2 floors!
  2722 | D:5      | Entered Level 5 of the Dungeon
  2731 | D:5      | Reached skill level 6 in Long Blades
  2816 | D:5      | Found a stormy altar of Qazlal.
  3025 | D:5      | Noticed a phantom
  3029 | D:5      | Killed a phantom
  3030 | D:5      | Reached skill level 7 in Long Blades
  3030 | D:5      | Reached XP level 6. HP: 51/51 MP: 5/5
  3052 | D:5      | Found a radiant altar of Vehumet.
  3488 | D:3      | Noticed Sigmund
  3493 | D:3      | Killed Sigmund
  3494 | D:3      | Reached skill level 8 in Long Blades
  3494 | D:3      | Reached XP level 7. HP: 48/57 MP: 6/6
  4093 | D:4      | Reached skill level 9 in Long Blades
  4217 | D:4      | Found an opulent altar of Gozag.
  4825 | D:4      | Found a staircase to the Ecumenical Temple.
  4831 | Temple   | Entered the Ecumenical Temple
  4843 | Temple   | Became a worshipper of Makhleb the Destroyer
  4843 | Temple   | Reached * piety under Makhleb
  4843 | Temple   | Reached ** piety under Makhleb
  5147 | D:5      | Reached skill level 10 in Long Blades
  5474 | D:5      | Reached skill level 1 in Invocations
  5634 | D:5      | Reached XP level 8. HP: 64/64 MP: 8/8
  6088 | D:6      | Reached skill level 11 in Long Blades
  6614 | D:6      | Reached skill level 12 in Long Blades
  6621 | D:6      | HP: 2/64 [gnoll sergeant/+1 vampiric spear (4)]
  6621 | D:6      | Slain by a gnoll

Illustrated notes

Levels and vault maps discovered:
D:1:      onia_arrival_mini_spirals, layout_loops_ring,
          hellmonk_ecumenical_altar_leap_of_faith
D:2:      layout_basic, uniq_robin
D:3:      layout_basic, nicolae_eternal_life, uniq_ijyb, uniq_sigmund
D:4:      kennysheep_the_goblin_king, layout_basic, pf_just_have_faith,
          minmay_temple_entry_fiery, serial_demonic, serial_demonic_c,
          serial_demonic_b, serial_demonic_c, serial_demonic_g, st_stairs_8
D:5:      cheibrodos_two_vegetables, layout_basic,
          nicolae_overflow_hidden_temple, grunt_qazlal_clouds
D:6:      kennysheep_housing_project, layout_basic, minitemple,
          gammafunk_ghost_grave, chequers_serial_rivers_marsh
Temple:   hellmonk_temple_rainy

Skill      XL: |  1  2  3  4  5  6  7  8 |
---------------+-------------------------+-----
Long Blades    | 4 5 7 8 10 12 | 12.1
Armour         | 1 2 3 4 |  4.0
Invocations    | 2 4 |  4.0
Fighting       | |  3.6
Dodging        | |  3.2
Stealth        | |  1.5

Action                   |  1- 3 |  4- 6 |  7- 9 || total
-------------------------+-------+-------+-------++-------
Melee: Dagger            |    79 |     7 |       ||    86
       Falchion          |     7 |       |       ||     7
       Headbutt          |    16 |     8 |    19 ||    43
       Punch             |     1 |       |       ||     1
       Triple sword      |       |    42 |   153 ||   195
  Use: Scroll            |       |    11 |     4 ||    15
 Stab: Sleeping          |     4 |       |       ||     4
Armor: Robe              |     2 |       |       ||     2
       Chain mail        |    15 |    22 |   144 ||   181
Dodge: Dodged            |    34 |    19 |    80 ||   133
Block: Buckler           |     2 |       |       ||     2

Table legend: (Time is in decaauts)
 A = Elapsed time spent in this place.
 B = Non-inter-level travel time spent in this place.
 C = Inter-level travel time spent in this place.
 D = Time resting spent in this place.
 E = Time spent auto-exploring this place.
 F = Levels seen in this place.
 G = Mean time per level.
                   A        B        C        D        E       F      G
               +--------+--------+--------+--------+--------+-----+--------+
         Total |   6677 |   6545 |    132 |   1141 |   4437 |   7 |  953.9 |
       Dungeon |   6652 |   6520 |    132 |   1141 |   4437 |   6 | 1108.7 |
        Temple |     24 |     24 |      0 |      0 |      0 |   1 |   24.0 |
               +--------+--------+--------+--------+--------+-----+--------+

Top non-repeatable levels by time:
     D:3: 1736 daAuts
     D:4: 1167 daAuts
     D:1: 1084 daAuts
     D:5: 1029 daAuts
     D:6: 878 daAuts
     D:2: 756 daAuts
  Temple: 24 daAuts
